Map: Apotheosis LE

Players

SkyKiller - Winner!

  • Race: Zerg Zerg
  • League: Platinum

ElPresidente

  • Race: Terran Terran
  • League: Platinum

VOD

Have the link to the VOD?

Description

Time

  • Played on: Aug. 4, 2016, 7:52 a.m.
  • Length: 14:00
Show
View Real Time Build Order
Export as new Build Order

SkyKiller Zerg - Winner!

Build Orders: Hatch First 

Get SALT Encoding   

  12  0:01  Drone  
  13  0:12  Overlord  
  13  0:17  Drone  
  14  0:31  Drone x2  
  16  0:35  Drone  
  17  0:55  Hatchery  
  16  0:57  Drone  
  16  1:00  Extractor  
  16  1:02  Drone  
  17  1:17  Spawning Pool  
  16  1:20  Drone  
  16  1:25  Drone  
  18  1:29  Drone  
  19  1:42  Overlord  
  19  2:06  Drone  
  19  2:07  Zergling x2  
  19  2:08  Queen x2  
  23  2:09  Zergling x2  
  23  2:13  Drone  
  27  2:28  Zergling x2  
  27  2:29  Drone  
  29  2:37  Drone  
  29  2:38  Drone  
  29  2:42  Spore Crawler  
  29  2:49  Drone  
  29  2:51  Drone  
  32  2:57  Queen  
  34  3:01  Lair  
  34  3:04  Overlord  
  34  3:12  Evolution Chamber  
  33  3:16  Drone x2  
  33  3:17  Evolution Chamber  
  34  3:30  Roach Warren  
  33  3:35  Spine Crawler  
  33  3:38  Drone x2  
  33  3:41  Spore Crawler  
  33  3:43  Spore Crawler, Drone x2  
  33  3:46  Drone  
  35  3:53  Overlord  
  35  3:58  Drone x2  
  35  4:01  Overseer  
  37  4:04  Drone  
  37  4:05  Drone  
  37  4:07  Drone  
  40  4:13  Drone x2  
  42  4:24  Drone  
  42  4:30  Queen  
  45  4:32  Roach x2  
  49  4:44  Spine Crawler  
  49  4:45  Roach x2  
  52  5:00  Overlord  
  52  5:05  Metabolic Boost  
  52  5:13  Zerg Missile Weapons Level 1, Zerg Ground Armor Level 1  
  52  5:16  Hatchery  
  52  5:21  Roach  
  53  5:22  Overlord x2  
  53  5:25  Extractor  
  52  5:34  Roach x2  
  45  6:11  Extractor, Drone x3  
  47  6:12  Extractor, Drone x3  
  47  6:15  Queen x2  
  53  6:19  Drone  
  53  6:22  Roach  
  56  6:30  Roach x2  
  60  6:35  Queen  
  62  6:41  Drone x3  
  63  6:55  Hydralisk Den, Drone x2  
  63  7:00  Spire  
  63  7:01  Drone x7  
  70  7:17  Spore Crawler  
  70  7:20  Roach x4  
  70  7:21  Roach x2  
  81  7:27  Muscular Augments  
  81  7:28  Overlord  
  81  7:29  Overlord  
  81  7:39  Overlord x2  
  81  7:41  Drone  
  82  7:50  Extractor x2  
  80  7:54  Drone x2  
  80  7:55  Drone  
  80  7:56  Hydralisk x3  
  80  7:57  Roach  
  80  7:58  Roach x3  
  97  8:01  Drone x3  
  97  8:05  Pneumatized Carapace  
  100  8:13  Mutalisk x2  
  100  8:19  Mutalisk  
  106  8:29  Hydralisk x2  
  106  8:31  Mutalisk  
  112  8:37  Mutalisk  
  112  8:39  Overlord x2  
  114  8:46  Overlord x2  
  114  8:54  Zerg Flyer Weapons Level 1  
  114  8:55  Overlord x2  
  114  8:58  Mutalisk x2  
  118  9:15  Zergling x2  
  118  9:16  Zergling x18  
  128  9:22  Infestation Pit  
  127  10:13  Hive  
  127  10:18  Drone x2  
  127  10:19  Drone x6  
  135  10:22  Hydralisk x3  
  141  10:35  Overseer x2  
  135  11:20  Zerg Melee Weapons Level 1  
  135  11:22  Hydralisk  
  135  11:23  Hydralisk x2, Roach x6  
  153  11:31  Ultralisk Cavern, Queen  
  154  11:49  Hatchery  
  153  12:02  Adrenal Glands  
  153  12:03  Zergling x2  
  153  12:04  Overlord x3  
  153  12:07  Overseer  
  154  12:19  Overlord x2  
  154  12:22  Queen  
  125  12:55  Zergling x2  
  125  12:56  Zergling x8  
  125  12:57  Zergling x16  
  125  12:58  Zergling x2  
  107  13:03  Zergling x2  
  107  13:04  Ultralisk x5  
  107  13:05  Ultralisk x2  
  122  13:25  Zergling x6  
  122  13:26  Zergling x2  
Show
View Real Time Build Order
Export as new Build Order

ElPresidente Terran 

Build Orders: Reaper Expand, Hellion Banshee 

Get SALT Encoding   

  12  0:00  SCV  
  13  0:12  SCV  
  14  0:19  Supply Depot  
  14  0:26  Refinery  
  14  0:28  SCV  
  15  0:43  Barracks  
  15  0:46  SCV  
  16  0:58  SCV  
  17  1:10  SCV  
  18  1:22  SCV  
  19  1:30  Reaper  
  20  1:34  Orbital Command  
  20  1:49  Command Center  
  20  2:03  SCV  
  21  2:08  Barracks Reactor  
  21  2:11  Factory  
  21  2:15  SCV  
  22  2:17  Refinery  
  22  2:21  Supply Depot  
  22  2:27  SCV  
  23  2:57  Reaper, Starport  
  24  3:01  SCV  
  24  3:02  Orbital Command  
  25  3:07  Hellion x2  
  29  3:13  SCV  
  30  3:25  SCV  
  31  3:28  Hellion x2, SCV  
  36  3:35  Starport Tech Lab  
  36  3:37  SCV  
  36  3:40  SCV  
  38  3:49  SCV  
  38  3:51  Supply Depot  
  38  3:52  SCV  
  40  3:58  Hellion x2, Cloaking Field  
  40  4:01  SCV  
  45  4:04  SCV  
  45  4:07  Refinery  
  45  4:08  Supply Depot  
  46  4:12  Banshee  
  46  4:13  SCV  
  46  4:15  Armory  
  50  4:19  Hellion  
  50  4:21  Hellion  
  52  4:36  Command Center  
  52  4:41  Supply Depot  
  52  4:42  SCV x2  
  54  4:46  Hellion  
  54  4:51  Hellion  
  58  5:05  SCV x2  
  60  5:10  Supply Depot  
  60  5:11  Supply Depot  
  60  5:13  Banshee  
  63  5:17  SCV  
  63  5:20  Factory  
  64  5:22  Hellion  
  64  5:25  Hellion  
  59  5:59  Hellion x2, Banshee  
  58  6:08  Orbital Command  
  56  6:13  Factory Tech Lab, Factory  
  56  6:15  Terran Vehicle Weapons Level 1  
  56  6:17  Armory  
  56  6:19  SCV x2  
  56  6:23  Factory  
  56  6:24  Refinery  
  58  6:28  Orbital Command  
  58  6:31  SCV  
  59  6:41  Banshee  
  62  6:47  Refinery  
  62  6:54  Refinery  
  62  6:55  Hellion  
  62  6:56  Hellion, Thor  
  72  7:04  Factory Tech Lab  
  72  7:13  SCV x3  
  75  7:24  Banshee  
  75  7:25  SCV x3  
  81  7:30  Factory Tech Lab, Thor  
  87  7:37  SCV x3  
  90  7:49  Hellbat, Thor  
  98  7:55  Terran Vehicle And Ship Armor Level 1  
  98  8:00  Hellion  
  98  8:03  Command Center  
  100  8:06  Hellion  
  100  8:09  Command Center  
  102  8:13  Thor  
  108  8:20  Terran Vehicle Weapons Level 2  
  108  8:27  Starport  
  108  8:34  SCV x3  
  111  8:42  Siege Tank  
  111  8:43  Siege Tank  
  117  8:49  Supply Depot  
  117  8:50  Hellion x2, SCV  
  117  8:53  Supply Depot  
  122  8:56  Supply Depot  
  122  8:58  SCV  
  122  8:59  Thor  
  122  9:01  Banshee  
  132  9:22  Starport Reactor  
  132  9:33  Hellion x2  
  132  9:34  Thor  
  132  9:35  Siege Tank  
  145  9:48  Engineering Bay, SCV x4  
  147  10:02  Refinery  
  141  10:07  Refinery  
  141  10:34  Planetary Fortress  
  141  10:37  Missile Turret  
  126  11:07  Terran Vehicle And Ship Armor Level 2, Terran Vehicle Weapons Level 3  
  126  11:08  Viking x2  
  130  11:11  Orbital Command  
  130  11:26  Missile Turret  
  130  11:27  Missile Turret  
  130  11:30  Missile Turret  
  130  11:31  Missile Turret  
  130  11:33  Missile Turret  
  130  11:34  Missile Turret  
  130  11:37  Hellion x2, Missile Turret  
  130  11:38  Siege Tank x3  
  143  11:40  Missile Turret  
  143  11:41  Viking x3  
  149  11:58  Hi-Sec Auto Tracking  
  149  12:01  Supply Depot  
  149  12:10  Siege Tank x3  
  105  13:10  Siege Tank x3  
Tags
 
Add a new tag
Caveats
  • Supply blocks, unpowered buildings, or Contaminate may cause inaccurate times.
  • Supply counts are checked every 10 seconds.